 Dungeon Crawl Stone Soup version 0.31.0-11-ge490571c62 (webtiles) character file.

Game seed: 18046368403297089379

2459 booth the Cleaver (level 9, 0/80 (81) HPs)
             Began as a Hill Orc Fighter on Jan 29, 2024.
             Was an Initiate of Beogh.
             Succumbed to a killer bee's poison
             ... on level 8 of the Dungeon.
             The game lasted 00:36:38 (7759 turns).

booth the Cleaver (Hill Orc Fighter)                Turns: 7759, Time: 00:36:38

HP:   0/80 (81)     AC: 10    Str: 21    XL:     9   Next: 50%
MP:   11/11         EV:  9    Int: 10    God:    Beogh [......]
Gold: 252           SH:  5    Dex: 10    Spells: 8/8 levels left

rFire   . . .        a - +1 war axe
rCold   + . .        c - +0 buckler
rNeg    . . .        b - +0 scale mail
rPois   +            q - +0 helmet
rElec   .            (no cloak)
rCorr   .            (no gloves)
SInv    .            p - +0 pair of boots
Will    .....        (no amulet) Stlth
                     o - ring of poison resistance
HPRegen 0.33/turn    B - ring of protection from cold
MPRegen 0.12/turn

%: no passive effects
@: lethally poisoned (0 -> -7), lightly drained
A: no striking features
a: Renounce Religion


You were on level 8 of the Dungeon.
You worshipped Beogh.
Beogh was noncommittal.
You visited 2 branches of the dungeon, and saw 9 of its levels.

You collected 252 gold pieces.

Inventory:

Hand Weapons
 a - a +1 war axe (weapon)
 v - a +0 mace
 H - a +5 battleaxe
Missiles
 i - a throwing net
 l - 6 boomerangs (quivered)
 n - 8 poisoned darts
 r - 5 curare-tipped darts
Armour
 b - a +0 scale mail (worn)
 c - a +0 buckler (worn)
 p - a +0 pair of boots (worn)
 q - a +0 helmet (worn)
 u - a +0 chain mail
Jewellery
 o - a ring of poison resistance (left hand)
 t - a ring of wizardry
 B - a ring of protection from cold (right hand)
 C - a +6 ring of strength
Wands
 w - a wand of flame (19)
 I - a wand of mindburst (14)
Scrolls
 e - 2 scrolls of blinking
 f - 2 scrolls of revelation
 j - 2 scrolls of teleportation
 k - 3 scrolls of amnesia
 y - a scroll of immolation {unknown}
 A - a scroll of brand weapon {unknown}
 F - a scroll of vulnerability {unknown}
Potions
 d - 2 potions of might
 g - a potion of heal wounds
 h - 2 potions of mutation
 m - a potion of curing
 s - 2 potions of lignification
 x - a potion of haste {unknown}
 z - a potion of degeneration {unknown}
 D - a potion of enlightenment
 E - a potion of invisibility
 G - 3 potions of brilliance


   Skills:
 + Level 8.0 Fighting
 * Level 11.3 Axes
 + Level 5.9 Armour
 + Level 5.9 Shields
 + Level 3.8 Invocations


You had 8 spell levels left.
You didn't know any spells.
Your spell library contained the following spells:

 Spells                   Type           Power      Damage    Failure   Level
 Magic Dart               Conj           0%         1d3       75%         1
 Blink                    Tloc           0%         N/A       87%         2
 Call Imp                 Summ           0%         N/A       87%         2
 Lesser Beckoning         Tloc           0%         N/A       87%         2
 Gell's Gravitas          Tloc           0%         N/A       98%         3
 Teleport Other           Tloc           0%         N/A       98%         3
 Haunt                    Necr/Summ      0%         N/A       100%        7
 Borgnjor's Revivificati  Necr           0%         N/A       100%        8
 Death's Door             Necr           0%         N/A       100%        9


Dungeon Overview and Level Annotations

Branches:
Dungeon (8/15)             Temple (1/1) D:6
   Lair: D:8-11

Altars:
Ashenzari
Cheibriados
Dithmenos
Elyvilon
Fedhas
Gozag
Kikubaaqudgha
Makhleb
Nemelex Xobeh
Okawaru
Qazlal
Ru
Sif Muna
Trog
Uskayaw
Vehumet
Wu Jian
Xom
Yredelemnul
The Shining One

Shops:
D:6 :


Message History

The killer bee stings you but does no damage.
The killer bee stings you.
You are more poisoned.
The killer bee poisons you! The killer bee stings you.
The wyvern barely misses you.
A gnoll comes into view. It is wielding a +0 flail.
The killer bee stings you but does no damage. x3
The wyvern bites you but does no damage.
You slash the killer bee!
You kill the killer bee!
Beogh accepts your kill.
You hit the wyvern but do no damage. You hit the howler monkey.
You closely miss the killer bee. x2
You feel very sick.
The killer bee stings you but does no damage.
The killer bee stings you.
The killer bee stings you but does no damage.
You block the killer bee's attack.
A gnoll comes into view. It is wielding a +0 spear.
The killer bee stings you but does no damage.
The howler monkey hoots and howls with incredible vigour!
The wyvern bites you!
* * * LOW HITPOINT WARNING * * *
The howler monkey hits you.
* * * LOW HITPOINT WARNING * * *
The killer bee completely misses you. You block the killer bee's attack.
The killer bee stings you but does no damage.
You feel much better.
You feel sick. The wyvern bites you!
* * * LOW HITPOINT WARNING * * *
The killer bee stings you.
* * * LOW HITPOINT WARNING * * *
The killer bee stings you.
* * * LOW HITPOINT WARNING * * *
The killer bee stings you but does no damage.
The howler monkey hits you but does no damage.
The wyvern bites you!
* * * LOW HITPOINT WARNING * * *
The killer bee stings you but does no damage. x2
You block the killer bee's attack.
You die...

... . .. ..
.. .. .# #.
.># #..##
#..#
#...#h..##
#..@y.(g#
#.kyy....#
#.......g..
............
##...........
###...######
#..## #.!#


You could see a wyvern, a howler monkey (catching breath), 3 killer bees and 2
gnolls.

Vanquished Creatures
  Grinder (D:3)
  A water moccasin (D:7)
  A black bear (D:6)
  2 ice beasts
  3 sky beasts
  2 centaurs (D:5)
  An ogre (D:7)
  A phantom (D:5)
  A gnoll sergeant (D:7)
  2 scorpions
  5 wights
  4 killer bees
  A howler monkey (D:6)
  2 bombardier beetles
  2 hounds
  A jelly (D:5)
  A gnoll bouda (D:5)
  4 iguanas
  4 orc wizards
  A sleepcap (D:6)
  Robin (D:2)
  4 adders
  9 gnolls
  A shadow imp (D:6)
  A white imp (D:6)
  2 dart slugs
  3 ribbon worms
  9 orcs
  9 ball pythons
  7 endoplasms
  5 giant cockroaches
  15 goblins
  9 hobgoblins
  3 jackals (D:3)
  3 quokkas
  2 bats
  2 frilled lizards
  7 kobolds
  9 rats
141 creatures vanquished.

Notes
Turn   | Place    | Note
-------+----------+-------------------------------------------
     0 | D:1      | booth the Hill Orc Fighter began the quest for the Orb.
     0 | D:1      | Reached XP level 1. HP: 19/19 MP: 1/1
    35 | D:1      | Reached skill level 3 in Axes
   100 | D:1      | Reached XP level 2. HP: 27/27 MP: 2/2
   473 | D:1      | Reached skill level 4 in Axes
   515 | D:1      | Reached XP level 3. HP: 33/33 MP: 3/3
  1306 | D:2      | Reached XP level 4. HP: 41/41 MP: 4/4
  1373 | D:2      | Noticed Robin
  1383 | D:2      | Reached skill level 5 in Axes
  1389 | D:2      | Killed Robin
  1569 | D:2      | Found a faded altar of an unknown god.
  2242 | D:3      | Reached XP level 5. HP: 33/47 MP: 5/5
  2332 | D:3      | Noticed Grinder
  2351 | D:3      | Reached skill level 6 in Axes
  2367 | D:3      | Paralysed by Grinder for 4 turns
  2541 | D:3      | Paralysed by Grinder for 2 turns
  2544 | D:3      | Killed Grinder
  2545 | D:3      | Reached skill level 5 in Fighting
  2545 | D:3      | Reached skill level 7 in Axes
  2545 | D:3      | Reached XP level 6. HP: 43/57 MP: 6/6
  3157 | D:4      | Noticed a sky beast
  3166 | D:4      | Killed a sky beast
  3167 | D:4      | Reached XP level 7. HP: 62/62 MP: 7/7
  3189 | D:4      | Found a glowing golden altar of the Shining One.
  3442 | D:5      | Entered Level 5 of the Dungeon
  3612 | D:5      | Reached skill level 8 in Axes
  4269 | D:5      | Reached skill level 9 in Axes
  4269 | D:5      | Reached XP level 8. HP: 41/71 MP: 8/8
  4641 | D:5      | Found an iron altar of Okawaru.
  4833 | D:6      | Found Tyugg's Tremendous Tomes.
  5106 | D:6      | Found a snail-covered altar of Cheibriados.
  5211 | D:6      | Found a staircase to the Ecumenical Temple.
  5218 | Temple   | Entered the Ecumenical Temple
  5693 | D:6      | Reached skill level 1 in Invocations
  5800 | D:7      | Became a worshipper of Beogh the Brigand
  5830 | D:7      | Reached skill level 5 in Armour
  5830 | D:7      | Reached skill level 5 in Shields
  5952 | D:7      | Reached skill level 10 in Axes
  6513 | D:7      | Reached XP level 9. HP: 45/79 MP: 10/10
  7389 | D:8      | Reached skill level 11 in Axes
  7758 | D:8      | HP: 1/80 [wyvern (13)]
  7759 | D:8      | Succumbed to a killer bee's poison

Illustrated notes

Levels and vault maps discovered:
D:1:      dpeg_arrival_arbitrary_b, layout_basic, serial_bayou_pond_a
D:2:      layout_basic, ebering_ecumenical_altar_abandoned, minmay_distorted,
          uniq_robin
D:3:      layout_rooms, uniq_grinder
D:4:      layout_basic, tso_oasis_becter, chequers_serial_rivers_micro_c
D:5:      layout_loops_corners, kennysheep_okawaru_gauntlet
D:6:      layout_basic, slow_altar_1, minmay_temple_entry_trees,
          nicolae_shop_i_like_big_books, minmay_misc_feat_rows, feat_on_display
D:7:      layout_basic
D:8:      layout_layer_cave, lair_entry_dummy
Temple:   minmay_temple_bridge_d

Skill      XL: |  1  2  3  4  5  6  7  8  9 |
---------------+----------------------------+-----
Axes           | 3 4 5 7 9 10 11 | 11.3
Fighting       | 4 5 6 7 8 |  8.0
Armour         | 4 5 |  5.9
Shields        | 4 5 |  5.9
Invocations    | 2 3 |  3.8

Action                     |  1- 3 |  4- 6 |  7- 9 || total
---------------------------+-------+-------+-------++-------
  Melee: War axe           |    91 |   146 |   282 ||   519
  Throw: Boomerang         |       |    10 |    26 ||    36
 Invoke: Convert to Beogh  |       |       |     1 ||     1
    Use: Scroll            |     1 |     4 |     7 ||    12
         Potion            |     1 |     2 |     2 ||     5
 Armour: Scale mail        |    55 |   112 |   257 ||   424
  Dodge: Dodged            |    30 |    67 |   138 ||   235
  Block: Buckler           |    10 |    26 |    62 ||    98
